 Dungeon Crawl Stone Soup version 0.32-a0-779-g362cfcae2a (webtiles) character file.

Game seed: 17572868956015021632

10436 hikkokomori the Basher (level 11, -9/101 HPs)
             Began as a Mountain Dwarf Fighter on Mar 19, 2024.
             Was an Initiate of Gozag.
             Killed by mirror damage (19 damage)
             ... on level 10 of the Dungeon.
             The game lasted 00:20:31 (9632 turns).

hikkokomori the Basher (Mountain Dwarf Fighter)     Turns: 9632, Time: 00:20:31

Health: -9/101     AC: 23    Str: 21    XL:     11   Next: 36%
Magic:  12/13      EV:  8    Int: 11    God:    Gozag
Gold:   497        SH:  4    Dex:  9    Spells: 7/13 levels left

rFire   + + .        f - +1 whip (elec)
rCold   . . .        c - +0 buckler
rNeg    + + .        J - +8 scale mail of Tartarus {rF+ rN+}
rPois   .            k - +1 helmet
rElec   .            M - +2 cloak
rCorr   .            (no gloves)
SInv    .            l - +0 pair of boots
Will    +....        (no amulet) Stlth
                     s - ring of protection from fire
HPRegen 0.36/turn    u - ring of positive energy
MPRegen 0.13/turn

%: no passive effects
@: gold aura, hasted, studying Maces & Flails, very quick
A: runic magic, artefact enchanting
a: Renounce Religion, Potion Petition, Call Merchant, Bribe Branch


You were on level 10 of the Dungeon.
You worshipped Gozag.
Gozag was aware of your devotion.
You visited 2 branches of the dungeon, and saw 11 of its levels.
You also visited: Sewer.

You collected 914 gold pieces.
You spent 123 gold pieces at shops.
You paid 294 gold pieces to Gozag.

Inventory:

Hand Weapons
 a - a +0 war axe
 e - a +3 hand axe
 f - a +1 whip of electrocution (weapon)
 N - the +2 short sword "Sontomm" {antimagic, *Rage rN+ Str+8}
   (You found it on level 10 of the Dungeon)

   Str+8:     It affects your strength (+8).
   rN+:       It protects you from negative energy.
   *Rage:     It berserks you when you make melee attacks (+20% chance).
Armour
 b - a +0 scale mail
 c - a +0 buckler (worn)
 j - a +2 robe of cold resistance
 k - a +1 helmet (worn)
 l - a +0 pair of boots (worn)
 r - a scarf of resistance
 t - the +3 troll leather armour "Lumoha" {rF+ Regen+ Str+2}
   (You found it on level 5 of the Dungeon)

   Str+2:     It affects your strength (+2).
   rF+:       It protects you from fire.
   Regen+:    It increases your rate of health regeneration.
 E - the +3 leather armour "Lousoluji" {Will+ rCorr Int-4 Dex+3}
   (You found it on level 5 of the Dungeon)

   Int-4:     It affects your intelligence (-4).
   Dex+3:     It affects your dexterity (+3).
   Will+:     It increases your willpower.
   rCorr:     It protects you from acid and corrosion.
 J - the +8 scale mail of Tartarus (worn) {rF+ rN+}
   (You found it on level 6 of the Dungeon)

   rF+:       It protects you from fire.
   rN+:       It protects you from negative energy.
 M - a +2 cloak (worn)
Jewellery
 o - an amulet of faith
 p - a ring of willpower
 s - a ring of protection from fire (left hand)
 u - a ring of positive energy (right hand)
 x - a ring of wizardry
 K - a ring of protection from fire
Wands
 w - a wand of roots (5)
 C - a wand of flame (50)
 L - a wand of paralysis (8)
Scrolls
 v - 2 scrolls of immolation
 y - 2 scrolls of enchant armour
 D - 3 scrolls of blinking
 F - a scroll of vulnerability
 G - 3 scrolls of teleportation
 H - a scroll of identify
 I - a scroll of enchant weapon
Potions
 d - 2 potions of brilliance
 g - a potion of lignification {unknown}
 h - 3 potions of mutation
 i - 3 potions of heal wounds
 m - 3 potions of attraction
 n - 3 potions of magic
 q - 3 potions of haste
 z - 2 potions of degeneration
 A - 3 potions of curing
 B - 2 potions of enlightenment


   Skills:
 + Level 10.7 Fighting
 - Level 2.6(8.3) Axes
 + Level 12.3(12.4) Maces & Flails
 + Level 7.8 Armour
 - Level 5.0 Shields
 + Level 1.8 Spellcasting
 + Level 5.7 Fire Magic
 + Level 3.5 Air Magic
 - Level 7.4 Evocations


You had 7 spell levels left.
You knew the following spells:

 Your Spells              Type           Power      Damage    Failure   Level
a - Plasma Beam           Fire/Air       5%         2x1d16    100%        6

Your spell library contained the following spells:

 Spells                   Type           Power      Damage    Failure   Level
 Foxfire                  Conj/Fire      28%        2x1d5     14%         1
 Shock                    Conj/Air       16%        1d4       22%         1
 Swiftness                Air            8%         N/A       30%         3
 Summon Small Mammal      Summ           4%         N/A       41%         1
 Ensorcelled Hibernation  Hex/Ice        2%         N/A       56%         2
 Airstrike                Air            4%         2d(1-17)  71%         4
 Call Canine Familiar     Summ           1%         N/A       80%         3
 Passwall                 Erth           1%         N/A       80%         3
 Summon Blazeheart Golem  Fire/Summ      7%         N/A       80%         4
 Starburst                Conj/Fire      3%         6d3       100%        6


Dungeon Overview and Level Annotations

Branches:
Dungeon (10/15)            Temple (1/1) D:6             Orc (0/2) D:9
  Sewer (visited)
   Lair: D:8-11

Altars:
Cheibriados
Dithmenos
Elyvilon
Fedhas
Gozag
Hepliaklqana
Kikubaaqudgha
Makhleb
Nemelex Xobeh
Okawaru
Qazlal
Sif Muna
Trog
Uskayaw
Vehumet
Xom
Yredelemnul
Zin
The Shining One

Shops:
D:4 ?   D:6 (


Innate Abilities, Weirdness & Mutations

Your spellcasting is much less encumbered by armour.
You can use scrolls of enchantment on lesser artefacts.


Message History

Reactivating autopickup.
You feel a bit more experienced.
The ogre mage explodes!
The fiery explosion engulfs the centaur warrior!!!
Flame seeps out of the centaur warrior.
The centaur warrior is severely wounded.
The centaur warrior is no longer distracted by gold.
The fiery explosion engulfs the sun moth.
The sun moth resists.
Flame seeps out of the sun moth.
The sun moth is heavily wounded.
The sun moth is no longer distracted by gold.
Something reflects your damage back at you!
* * * LOW HITPOINT WARNING * * *
Unknown command.
The grasping roots constrict the sun moth!
Flame seeps out of the sun moth.
The sun moth is engulfed in blazing flames.
Flame seeps out of the sun moth.
The sun moth is distracted by your dazzling golden aura.
The centaur warrior is engulfed in blazing flames.
Flame seeps out of the centaur warrior.
The grasping roots constrict the sun moth.
Flame seeps out of the sun moth.
The sun moth is engulfed in blazing flames.
Flame seeps out of the sun moth.
The centaur warrior is engulfed in blazing flames.
Flame seeps out of the centaur warrior.
The grasping roots constrict the sun moth!
The sun moth explodes!
The fiery explosion engulfs the centaur warrior!!
You feel a bit more experienced.
You hear an explosion!
You feel a bit more experienced.
Something reflects your damage back at you!
* * * LOW HITPOINT WARNING * * *
The centaur warrior explodes!
The fiery explosion engulfs the efreet.
The efreet completely resists.
Something reflects your damage back at you!
You die...
Your body crumbles into a pile of gold.

#.........####.
..#.... #.##'######
## ..#.... #.##.##
.....ß ..##..##
#/..c #.###..#
#.○☼W #.# ##.# R§.
#.####'##
..####°####.......#
.$$§§§§§@.........#
...§§####.........#
... ##........# .
#...+.......#
..###.......# #
#########


You could see an efreet (inner flame).

Vanquished Creatures
  An ogre mage (D:10)
  2 centaur warriors (D:10)
  A sun moth (shapeshifter) (D:10)
  A deep elf pyromancer (D:7)
  Maurice (D:10)
  A manticore (D:10)
  A centaur zombie (D:8)
  A gargoyle (D:10)
  A centaur skeleton (D:8)
  A kobold demonologist (D:7)
  A freezing wraith (D:10)
  A troll (D:10)
  Grinder (D:3)
  A hellwing (D:8)
  The ghost of LlamaRama1234 the Conjurer, an amateur DrCj of Vehumet (D:5)
  A hornet (D:9)
  A meliai zombie (D:8)
  Sigmund (D:5)
  A wyvern (D:7)
  11 yaks
  Eustachio (D:4)
  2 vampires (D:7)
  2 steam dragons
  Menkaure (D:4)
  2 acid dragons
  7 orc warriors
  A black bear (D:4)
  3 sky beasts
  An ogre (D:4)
  3 centaurs
  A kobold brigand (D:7)
  A brain worm (Sewer)
  A scorpion (D:6)
  5 bullfrogs
  A gnoll sergeant (D:9)
  4 killer bees (D:9)
  5 howler monkeys
  5 hounds
  3 jellies
  A bombardier beetle (D:5)
  A gnoll bouda (D:8)
  3 orc priests
  4 iguanas
  6 orc wizards
  9 gnolls
  9 adders
  2 river rats (Sewer)
  4 shadow imps
  4 white imps
  4 ribbon worms
  3 dart slugs
  23 orcs
  15 bats
  4 endoplasms
  8 giant cockroaches
  5 goblins
  7 hobgoblins
  2 jackals (Sewer)
  10 quokkas
  14 ball pythons
  2 frilled lizards
  9 kobolds
  2 rats
231 creatures vanquished.

Notes
Turn   | Place    | Note
-------+----------+-------------------------------------------
     0 | D:1      | hikkokomori the Mountain Dwarf Fighter began the quest for
                  | the Orb.
     0 | D:1      | Reached XP level 1. HP: 19/19 MP: 1/1
   199 | D:1      | Reached XP level 2. HP: 25/26 MP: 2/2
   217 | D:1      | Reached skill level 1 in Maces & Flails
   614 | D:1      | Reached XP level 3. HP: 33/33 MP: 3/3
  1721 | D:3      | Found a faded altar of an unknown god.
  1748 | D:3      | Found a blossoming altar of Fedhas.
  1748 | D:3      | Found a stormy altar of Qazlal.
  1863 | D:3      | Noticed Grinder
  1890 | D:3      | Killed Grinder
  1891 | D:3      | Reached skill level 5 in Fighting
  1891 | D:3      | Reached skill level 3 in Maces & Flails
  1891 | D:3      | Reached XP level 4. HP: 38/42 MP: 4/4
  1891 | D:3      | Reached XP level 5. HP: 43/48 MP: 5/5
  1926 | D:3      | Reached skill level 5 in Shields
  1926 | D:3      | Reached XP level 6. HP: 53/56 MP: 6/6
  2568 | D:4      | Reached skill level 4 in Maces & Flails
  2735 | D:4      | Reached skill level 1 in Evocations
  3029 | D:4      | Reached XP level 7. HP: 51/62 MP: 7/7
  3188 | D:4      | Found Siff's Magic Scroll Shop.
  3198 | D:4      | Bought a scroll of identify for 26 gold pieces
  3198 | D:4      | Bought a scroll of blinking for 97 gold pieces
  3498 | D:5      | Entered Level 5 of the Dungeon
  3514 | D:5      | Reached skill level 5 in Maces & Flails
  3515 | D:5      | Found a runed translucent door.
  3517 | D:5      | Identified the +2 leather armour "Lousoluji" {Will+ rCorr
                  | Int-4 Dex+3}
  3548 | D:5      | Noticed LlamaRama1234's ghost (amateur DrCj)
  3570 | D:5      | Killed LlamaRama1234's ghost
  3576 | D:5      | Found a runed translucent door.
  3673 | D:5      | Identified the +3 troll leather armour "Lumoha" {rF+ Regen+
                  | Str+2}
  3723 | D:5      | Noticed Sigmund
  3739 | D:5      | Killed Sigmund
  3740 | D:5      | Reached skill level 6 in Maces & Flails
  3740 | D:5      | Reached XP level 8. HP: 53/71 MP: 8/8
  3764 | D:5      | Noticed Eustachio
  3795 | D:5      | Noticed Menkaure
  3995 | D:4      | Killed Menkaure
  4018 | D:4      | Killed Eustachio
  4019 | D:4      | Reached skill level 7 in Maces & Flails
  4019 | D:4      | Reached skill level 5 in Evocations
  4412 | D:6      | Found a glowing drain.
  4456 | Sewer    | Entered a sewer
  5260 | D:6      | Found a staircase to the Ecumenical Temple.
  5337 | Temple   | Entered the Ecumenical Temple
  5386 | D:6      | Identified the +8 scale mail of Tartarus {rF+ rN+}
  5475 | D:6      | Found Budd's Weapon Shoppe.
  5483 | D:6      | Reached XP level 9. HP: 81/81 MP: 9/9
  5723 | D:7      | Found an iron altar of Okawaru.
  5750 | D:7      | Reached skill level 8 in Maces & Flails
  5916 | D:7      | Noticed a deep elf pyromancer
  5939 | D:7      | Killed a deep elf pyromancer
  6354 | D:7      | Reached skill level 5 in Armour
  6361 | D:7      | Noticed a kobold demonologist
  6371 | D:7      | Killed a kobold demonologist
  6372 | D:7      | Reached skill level 9 in Maces & Flails
  6477 | D:7      | Learned a level 6 spell: Plasma Beam
  6593 | D:7      | Reached skill level 1 in Fire Magic
  7014 | D:8      | Reached XP level 10. HP: 71/91 MP: 10/10
  7018 | D:8      | Reached skill level 1 in Air Magic
  7164 | D:8      | Reached skill level 10 in Maces & Flails
  8065 | D:9      | Reached skill level 10 in Fighting
  8194 | D:9      | Paralysed by a hornet for 1 turns
  8200 | D:9      | Paralysed by a hornet for 1 turns
  8206 | D:9      | Reached skill level 11 in Maces & Flails
  8616 | D:9      | Found a staircase to the Orcish Mines.
  9106 | D:9      | Found a glowing golden altar of the Shining One.
  9113 | D:9      | Found a hazy altar of Hepliaklqana.
  9114 | D:9      | Found a white marble altar of Elyvilon.
  9116 | D:9      | Found a hide-covered altar of Uskayaw.
  9116 | D:9      | Found an opulent altar of Gozag.
  9117 | D:9      | Found a sparkling altar of Nemelex Xobeh.
  9123 | D:9      | Found a shimmering altar of Xom.
  9125 | D:9      | Became a worshipper of Gozag Ym Sagoz the Greedy
  9186 | D:10     | Entered Level 10 of the Dungeon
  9446 | D:10     | Reached XP level 11. HP: 96/101 MP: 11/11
  9478 | D:10     | Noticed Maurice
  9503 | D:10     | Killed Maurice
  9504 | D:10     | Reached skill level 5 in Fire Magic
  9575 | D:10     | Identified the +2 short sword "Sontomm" {antimagic, *Rage
                  | rN+ Str+8}
  9582 | D:10     | Noticed a centaur warrior
  9582 | D:10     | Noticed a skeletal warrior
  9582 | D:10     | Noticed an ogre mage
  9582 | D:10     | Noticed a centaur warrior
  9590 | D:10     | Noticed a death knight
  9614 | D:10     | Reached skill level 1 in Spellcasting
  9615 | D:10     | a blink frog changed into a sun moth
  9615 | D:10     | Noticed a sun moth (shapeshifter)
  9628 | D:10     | Killed a centaur warrior
  9629 | D:10     | Reached skill level 12 in Maces & Flails
  9629 | D:10     | Killed an ogre mage
  9632 | D:10     | Killed a sun moth
  9632 | D:10     | Killed a centaur warrior
  9632 | D:10     | Killed by mirror damage

Illustrated notes

Levels and vault maps discovered:
D:1:      evilmike_arrival_home_sweet_home, layout_basic, minivault_27
D:2:      layout_basic
D:3:      layout_basic, grunt_temple_overflow_forces_of_nature,
          nicolae_ecumenical_oubliette, uniq_grinder
D:4:      layout_loops_corners, serial_shops, shop,
          minmay_misc_feat_secret_circle, kennysheep_opposing_triangles
D:5:      lemuel_ice_spiral_2, layout_rooms, ebering_ghost_sewer_f,
          dreamdust_wishing_well, minmay_splitting_lines, uniq_eustachio,
          uniq_sigmund, uniq_menkaure
D:6:      layout_basic, temple_green, serial_shops,
          nicolae_shop_bloodbath_and_beyond, cheibrodos_sewer_entry_bend
D:7:      layout_basic, lemuel_doored_altar, serial_bayou_pond_d,
          serial_library_hellmonk_octagon
D:8:      cheibrodos_grave_circle, layout_basic
D:9:      layout_irregular_city, nicolae_overflow_hallway_of_the_gods,
          orc_david_3
D:10:     layout_roguey, chequers_temple_overflow_minitemple, erik_lair_dragon,
          minivault_28, uniq_maurice
Temple:   kb_temple_of_zot

Skill      XL: |  1  2  3  4  5  6  7  8  9 10 11 |
---------------+----------------------------------+-----
Maces & Flails | 1 3 4 6 7 9 11 12 | 12.3
Fighting       | 5 6 8 9 10 | 10.7
Shields        | 4 5 |  5.0
Evocations     | 2 4 6 7 |  7.4
Armour         | 5 7 |  7.8
Fire Magic     | 1 4 5 |  5.7
Air Magic      | 3 |  3.5
Spellcasting   | 1 |  1.8
Axes           | |  2.6

Action                     |  1- 3 |  4- 6 |  7- 9 | 10-12 || total
---------------------------+-------+-------+-------+-------++-------
  Melee: Hand axe          |    87 |       |       |       ||    87
         Whip              |    13 |    93 |   580 |   382 ||  1068
  Evoke: Wand              |       |       |     5 |     9 ||    14
    Use: Potion            |     3 |       |     5 |     2 ||    10
         Scroll            |       |       |    16 |     3 ||    19
   Stab: Sleeping          |     1 |       |       |       ||     1
 Armour: Scale mail        |    48 |    59 |   174 |   275 ||   556
         Robe              |    12 |       |       |       ||    12
         Leather armour    |       |       |    20 |       ||    20
         Troll leather arm |       |       |   263 |       ||   263
  Dodge: Dodged            |    50 |    45 |   246 |   120 ||   461
  Block: Buckler           |    12 |     7 |   122 |    63 ||   204

Table legend: (Time is in decaauts)
 A = Elapsed time spent in this place.
 B = Non-inter-level travel time spent in this place.
 C = Inter-level travel time spent in this place.
 D = Time resting spent in this place.
 E = Time spent auto-exploring this place.
 F = Levels seen in this place.
 G = Mean time per level.
                   A        B        C        D        E       F      G
               +--------+--------+--------+--------+--------+-----+--------+
         Total |   9552 |   9242 |    310 |    158 |   7125 |  12 |  796.0 |
       Dungeon |   8704 |   8394 |    310 |    158 |   6571 |  10 |  870.4 |
        Temple |     13 |     13 |      0 |      0 |      0 |   1 |   13.0 |
         Sewer |    834 |    834 |      0 |      0 |    553 |   1 |  834.0 |
               +--------+--------+--------+--------+--------+-----+--------+

Top non-repeatable levels by time:
     D:4: 1323 daAuts
     D:7: 1125 daAuts
     D:9: 1118 daAuts
     D:8: 1112 daAuts
     D:1: 1086 daAuts
   Sewer: 834 daAuts
     D:3: 741 daAuts
     D:2: 612 daAuts
     D:6: 596 daAuts
     D:5: 595 daAuts
    D:10: 392 daAuts
  Temple: 13 daAuts
